Map: Rhoskallian LE

Players

Дурашка

  • Race: Zerg Zerg
  • League: Diamond

GrafVadim

  • Race: Protoss Protoss
  • League: Silver

Massa

  • Race: Terran Terran
  • League: Platinum

qqq

  • Race: Zerg Zerg

VOD

Have the link to the VOD?

Description

Time

  • Played on: April 22, 2021, 3:49 p.m.
  • Length: 17:52
Show
View Real Time Build Order
Export as new Build Order

Дурашка Zerg 

Build Orders: Hatch First, Lurkers 

Get SALT Encoding   

  12  0:01  Drone  
  13  0:13  Overlord  
  13  0:18  Drone  
  14  0:31  Drone x2  
  16  0:51  Hatchery  
  16  0:53  Drone  
  16  0:57  Drone  
  16  1:01  Drone  
  18  1:12  Extractor  
  18  1:18  Spawning Pool  
  16  1:26  Drone x2  
  16  1:32  Drone  
  19  1:40  Drone  
  20  1:51  Drone  
  21  2:06  Drone x2  
  21  2:07  Queen x2  
  27  2:14  Drone  
  28  2:18  Overlord  
  28  2:21  Metabolic Boost  
  28  2:41  Hatchery, Drone x2  
  29  2:48  Drone x3  
  29  2:50  Drone  
  33  3:01  Queen  
  33  3:02  Drone  
  36  3:08  Overlord  
  36  3:10  Overlord  
  36  3:26  Zergling x2  
  37  3:27  Zergling x14  
  37  3:29  Overlord  
  37  3:32  Zergling x2  
  45  3:40  Zergling x2  
  45  3:41  Zergling x2  
  47  3:51  Zergling x4  
  47  3:55  Queen  
  49  3:56  Queen  
  49  3:59  Zergling x4  
  55  4:13  Drone x4  
  55  4:16  Drone x2  
  61  4:18  Drone, Roach Warren  
  61  4:19  Extractor  
  61  4:20  Drone x3  
  56  4:38  Overlord  
  56  4:42  Lair  
  56  4:44  Drone x2  
  56  4:45  Extractor x2, Drone  
  57  4:48  Drone, Spore Crawler  
  57  4:49  Drone, Spore Crawler  
  57  4:52  Spore Crawler  
  56  5:04  Roach  
  56  5:05  Roach x4  
  64  5:20  Overlord x4  
  54  5:36  Drone x3  
  54  5:37  Drone x2  
  54  5:38  Drone  
  54  5:43  Roach x3  
  60  5:51  Roach  
  60  5:52  Roach x4  
  70  6:01  Queen  
  70  6:02  Queen  
  74  6:06  Roach x4  
  78  6:17  Overseer  
  76  6:21  Roach x5  
  86  6:35  Roach  
  86  6:36  Roach x2  
  86  6:38  Overlord x3  
  90  6:46  Evolution Chamber, Glial Reconstitution  
  89  6:47  Evolution Chamber  
  89  6:48  Evolution Chamber  
  89  6:53  Hydralisk Den  
  87  6:54  Drone  
  87  6:55  Drone  
  87  6:57  Drone  
  87  7:00  Infestation Pit  
  89  7:09  Drone x3  
  89  7:10  Drone x2  
  94  7:18  Overlord  
  94  7:19  Overlord  
  94  7:20  Overseer  
  94  7:24  Drone  
  94  7:25  Drone x3  
  94  7:29  Overlord  
  98  7:31  Overlord  
  98  7:47  Hive  
  98  7:52  Grooved Spines  
  98  7:53  Hatchery  
  98  7:54  Ravager  
  98  7:55  Ravager x2  
  98  7:56  Ravager  
  98  7:57  Ravager  
  102  8:04  Lurker Den  
  101  8:25  Roach x8  
  101  8:26  Roach x4  
  121  8:30  Extractor  
  121  8:31  Extractor  
  121  8:32  Drone x3  
  121  8:33  Overlord  
  122  8:35  Overlord  
  122  8:55  Overseer  
  122  8:59  Drone x3  
  122  9:00  Drone x3  
  122  9:02  Drone x2  
  130  9:03  Drone  
  131  9:11  Zerg Missile Weapons Level 1, Zerg Ground Armor Level 1  
  131  9:12  Seismic Spines  
  131  9:16  Muscular Augments  
  131  9:19  Drone x3  
  131  9:23  Hatchery  
  133  9:30  Ravager  
  130  9:41  Hydralisk  
  130  9:42  Hydralisk x2  
  130  9:44  Overlord x4  
  130  9:45  Overlord x3  
  106  10:15  Roach  
  106  10:16  Roach x14  
  106  10:17  Roach  
  100  10:38  Roach x9  
  117  10:57  Roach x5  
  117  11:04  Hatchery  
  124  11:05  Drone x4  
  124  11:06  Drone x2  
  124  11:08  Lurker  
  124  11:09  Lurker x2  
  133  11:16  Hydralisk x4  
  135  11:19  Adaptive Talons  
  135  11:20  Zerg Missile Weapons Level 2  
  129  11:46  Lurker  
  130  11:48  Extractor x2  
  130  11:50  Hydralisk x11  
  130  11:54  Drone  
  151  11:57  Drone x2  
  151  12:00  Queen  
  155  12:07  Zerg Ground Armor Level 2  
  155  12:14  Spore Crawler  
  154  12:17  Queen  
  154  12:21  Queen  
  154  12:22  Queen  
  160  12:25  Lurker x4  
  164  12:37  Hydralisk x4  
  164  12:40  Overlord  
  172  12:52  Hatchery  
  171  13:16  Overlord x5  
  171  13:18  Overlord x2  
  171  13:20  Lurker x3  
  171  13:21  Lurker  
  175  13:32  Overseer x2  
  175  13:35  Pneumatized Carapace  
  175  13:36  Burrow  
  175  13:46  Hydralisk  
  175  13:47  Hydralisk x9  
  175  13:48  Hydralisk  
  195  13:51  Lurker x2  
  195  13:52  Lurker  
  200  13:59  Lurker x2  
  186  14:57  Zerg Missile Weapons Level 3, Zerg Ground Armor Level 3  
  170  15:18  Hydralisk x2  
  170  15:19  Hydralisk x12  
  198  15:36  Hydralisk  
  198  15:39  Overseer x7  
  184  16:22  Drone x4  
  184  16:23  Drone x10  
  145  16:42  Hydralisk x10  
  145  16:43  Hydralisk x8  
  155  16:55  Zergling x8  
  157  17:04  Extractor  
  156  17:12  Drone  
  156  17:13  Drone x3  
  160  17:18  Hatchery  
  160  17:21  Hatchery  
Show
View Real Time Build Order
Export as new Build Order

GrafVadim Protoss 

Build Orders: 1 Gate Expand, Oracle Opening, Carriers 

Get SALT Encoding   

  12  0:00  Probe  
  13  0:13  Probe  
  14  0:21  Pylon  
  14  0:25  Probe  
  15  0:39  Probe (Chrono Boost)  
  15  0:41  Gateway  
  16  0:47  Assimilator  
  16  0:51  Probe (Chrono Boost)  
  17  0:59  Probe (Chrono Boost)  
  18  1:07  Probe  
  19  1:31  Nexus  
  19  1:40  Cybernetics Core  
  19  1:42  Probe  
  20  1:53  Assimilator  
  20  2:04  Probe  
  21  2:16  Probe, Pylon  
  22  2:28  Probe  
  23  2:34  Stalker  
  25  2:41  Probe  
  26  2:45  Stargate  
  26  2:51  Gateway  
  26  2:55  Warp Gate  
  26  3:05  Pylon  
  26  3:06  Probe (Chrono Boost)  
  26  3:07  Probe (Chrono Boost)  
  28  3:16  Probe x2 (Chrono Boost)  
  30  3:21  Probe (Chrono Boost), Stalker  
  33  3:28  Oracle (Chrono Boost)  
  36  3:42  Stalker  
  38  3:48  Shield Battery  
  38  3:54  Void Ray  
  38  3:55  Probe x2 (Chrono Boost)  
  44  4:07  Probe (Chrono Boost)  
  44  4:08  Probe (Chrono Boost)  
  46  4:12  Forge  
  46  4:15  Probe x2 (Chrono Boost)  
  48  4:21  Probe x2  
  50  4:27  Pylon  
  50  4:30  Assimilator  
  50  4:33  Probe x2  
  50  4:34  Assimilator  
  52  4:39  Void Ray  
  52  4:45  Probe  
  53  4:46  Photon Cannon  
  53  4:52  Photon Cannon  
  57  4:59  Probe x2  
  59  5:11  Probe x2  
  58  5:28  Void Ray  
  58  5:44  Stargate  
  58  5:47  Stalker x2  
  58  5:48  Stargate  
  60  6:07  Void Ray  
  56  6:15  Robotics Facility  
  54  6:35  Void Ray  
  54  6:36  Void Ray  
  62  6:55  Pylon  
  62  6:57  Pylon  
  62  6:58  Protoss Ground Weapons Level 1, Pylon  
  62  7:00  Pylon  
  62  7:07  Void Ray  
  62  7:12  Void Ray, Pylon  
  62  7:13  Observer  
  62  7:14  Probe x2  
  69  7:16  Pylon  
  73  7:25  Pylon  
  73  7:26  Probe x2  
  73  7:28  Pylon  
  75  7:38  Probe, Nexus  
  75  7:39  Probe  
  75  7:41  Void Ray  
  75  7:42  Assimilator  
  77  7:44  Void Ray  
  77  7:46  Assimilator  
  77  7:47  Pylon  
  77  7:50  Probe, Void Ray  
  77  7:51  Probe  
  87  7:52  Pylon  
  87  7:53  Pylon  
  87  7:54  Observer  
  92  8:03  Probe x2  
  94  8:18  Void Ray  
  94  8:21  Void Ray  
  102  8:56  Probe x3  
  102  9:01  Photon Cannon  
  105  9:03  Void Ray x3  
  105  9:06  Photon Cannon x2  
  105  9:07  Photon Cannon, Shield Battery  
  105  9:08  Probe x3  
  105  9:09  Shield Battery  
  120  9:11  Photon Cannon  
  120  9:20  Probe x3  
  120  9:21  Fleet Beacon  
  123  9:37  Stargate  
  123  9:47  Immortal  
  97  10:35  Observer  
  97  10:40  Void Ray x3  
  105  10:57  Flux Vanes  
  105  10:58  Void Ray  
  109  11:17  Void Ray x3  
  121  11:28  Protoss Air Weapons Level 1  
  125  12:05  Nexus  
  133  12:11  Carrier x3  
  133  12:12  Carrier, Nexus  
  141  12:22  Nexus  
  141  12:26  Assimilator  
  140  12:43  Probe x2  
  140  12:44  Probe  
  143  12:55  Probe x2  
  143  12:56  Probe  
  146  13:07  Probe  
  146  13:08  Probe x2  
  149  13:18  Assimilator  
  150  13:20  Probe x3  
  150  13:22  Assimilator  
  150  13:25  Probe  
  153  13:28  Carrier x4  
  153  13:30  Assimilator  
  153  13:32  Probe x3  
  180  13:37  Probe  
  180  13:39  Observer  
  182  13:44  Probe, Protoss Air Weapons Level 2 (Chrono Boost)  
  183  13:51  Stargate  
  183  14:04  Observer, Protoss Shields Level 1 (Chrono Boost)  
  175  14:32  Carrier  
  116  14:55  Carrier x3  
  134  15:05  Pylon  
  134  15:08  Pylon  
  134  15:12  Pylon  
  112  15:14  Stalker x2  
  112  15:15  Pylon  
  99  15:30  Probe x2  
  99  15:31  Probe x2  
  99  15:42  Probe  
  99  15:43  Probe x3  
  103  16:02  Photon Cannon  
  103  16:05  Photon Cannon  
  103  16:08  Photon Cannon  
  103  16:11  Photon Cannon  
  103  16:14  Photon Cannon, Pylon  
  103  16:15  Photon Cannon, Pylon x2  
  103  16:17  Nexus, Pylon, Photon Cannon  
  103  16:18  Pylon  
  103  16:19  Photon Cannon  
  103  16:21  Photon Cannon, Pylon  
  103  16:23  Pylon, Shield Battery  
  103  16:27  Pylon  
  103  16:29  Pylon  
  103  16:32  Assimilator, Stalker x2  
  101  17:12  Stalker  
  91  17:34  Probe x4  
Show
View Real Time Build Order
Export as new Build Order

Massa Terran 

Build Orders: 2 Factory 

Get SALT Encoding   

  12  0:00  SCV  
  13  0:12  SCV  
  14  0:19  Supply Depot  
  14  0:24  SCV  
  15  0:41  SCV, Barracks  
  16  0:47  Refinery  
  16  0:53  SCV  
  17  0:58  Refinery  
  17  1:05  SCV  
  18  1:17  SCV  
  19  1:29  SCV  
  20  1:37  Factory  
  20  1:42  Orbital Command  
  20  1:46  Marine  
  21  1:53  Supply Depot  
  21  2:04  Factory  
  21  2:10  Barracks Reactor  
  21  2:28  Widow Mine  
  21  2:29  Armory  
  23  2:41  SCV  
  24  2:52  Widow Mine  
  24  2:56  Barracks Tech Lab  
  24  2:57  Widow Mine  
  24  2:58  Widow Mine  
  30  3:04  SCV  
  31  3:25  Supply Depot  
  31  3:29  Supply Depot  
  31  3:31  Supply Depot  
  31  3:35  Drilling Claws  
  31  3:47  Widow Mine x3, SCV  
  38  3:53  Command Center  
  38  4:08  Widow Mine  
  38  4:09  Widow Mine x2  
  44  4:12  Barracks Tech Lab  
  44  4:16  SCV  
  45  4:30  Widow Mine  
  47  4:36  Widow Mine x2  
  51  4:51  Widow Mine  
  51  4:52  SCV  
  54  4:57  Engineering Bay  
  54  5:03  Supply Depot  
  54  5:04  SCV  
  54  5:05  Widow Mine x2  
  59  5:07  Supply Depot  
  59  5:13  Widow Mine  
  55  5:27  Widow Mine x2  
  57  5:33  Missile Turret  
  57  5:43  Widow Mine  
  57  5:48  Widow Mine x2  
  48  6:07  Widow Mine  
  48  6:09  Widow Mine x2  
  52  6:29  Widow Mine  
  52  6:31  Widow Mine x2  
  44  6:40  Orbital Command  
  44  6:41  SCV  
  45  6:50  Widow Mine  
  45  6:52  Widow Mine x2  
  45  6:53  SCV  
  52  7:05  SCV  
  53  7:31  Thor  
  53  7:33  Widow Mine x2  
  53  7:34  Marine  
  53  7:37  SCV x2  
  66  7:41  Barracks  
  66  7:42  Barracks  
  66  7:49  SCV x2  
  68  7:52  Marine  
  69  8:01  SCV x2  
  69  8:05  Widow Mine x2  
  75  8:10  Marine  
  64  8:28  Thor  
  64  8:29  Widow Mine  
  72  8:36  Refinery, Marine x3  
  72  8:39  Refinery  
  73  8:44  Barracks  
  71  8:49  Supply Depot  
  71  8:54  Marine x3  
  71  8:55  Supply Depot x2  
  74  9:02  SCV x2  
  76  9:11  Marine  
  76  9:12  Marine  
  76  9:14  SCV  
  76  9:15  SCV  
  80  9:18  Supply Depot  
  80  9:20  Terran Infantry Weapons Level 1  
  80  9:26  SCV  
  80  9:27  SCV, Engineering Bay  
  76  9:31  Widow Mine x2  
  76  9:33  Stimpack  
  45  10:40  Widow Mine x2  
  43  10:50  Barracks Reactor x2  
  43  10:51  Barracks Tech Lab, Marine  
  44  10:58  Thor  
  44  11:00  SCV x2  
  44  11:01  Widow Mine x2  
  54  11:09  Marine  
  55  11:12  SCV x2  
  57  11:21  Marine  
  57  11:23  Widow Mine x2  
  57  11:24  SCV  
  63  11:27  Marine  
  63  11:29  Command Center  
  64  11:34  Combat Shield  
  64  11:35  Marine  
  64  11:36  Marine x3  
  64  11:39  Marine  
  69  11:40  Thor  
  69  11:45  Marine  
  76  11:53  Marine  
  76  11:54  Marine x3  
  77  11:57  SCV x2, Marine  
  83  12:03  Terran Infantry Weapons Level 2, Marine  
  83  12:04  Terran Infantry Armor Level 1  
  83  12:05  Terran Vehicle And Ship Armor Level 1  
  83  12:07  Widow Mine  
  83  12:08  Widow Mine  
  88  12:09  SCV x2  
  88  12:11  Marine x4, Concussive Shells  
  88  12:15  Marauder  
  96  12:21  SCV x2  
  98  12:23  Thor  
  96  12:43  Widow Mine x2  
  100  12:45  Marine x6  
  100  12:50  Planetary Fortress  
  106  12:52  SCV  
  107  13:02  Marine  
  107  13:03  Marine x2  
  110  13:06  Thor  
  110  13:12  Widow Mine x2, Marine x2  
  120  13:13  Marine  
  120  13:16  SCV  
  120  13:17  SCV  
  125  13:20  Marine x2  
  127  13:29  SCV, Ghost Academy  
  127  13:30  SCV x2  
  130  13:41  SCV  
  131  13:45  Starport  
  131  13:58  Terran Infantry Armor Level 2, Supply Depot  
  131  13:59  Supply Depot  
  131  14:00  Supply Depot  
  131  14:01  Terran Vehicle And Ship Armor Level 2  
  131  14:19  Widow Mine, Thor  
  131  14:20  Widow Mine  
  131  14:22  Supply Depot x2  
  131  14:23  Supply Depot  
  139  14:43  Medivac  
  139  15:02  Thor  
  111  15:20  Widow Mine x2  
  95  15:22  Marauder x2, Marine x4  
  95  15:25  Starport Reactor  
  101  15:40  Marine x4  
  101  15:42  Widow Mine x2  
  105  15:43  Marauder, Marine  
  105  15:45  Thor  
  114  15:57  Marine  
  114  15:58  Marine  
  114  16:01  Marauder  
  114  16:03  Widow Mine x2  
  112  16:16  Marine x5  
  117  16:20  Barracks  
  117  16:21  Barracks  
  117  16:22  Marine  
  117  16:23  Barracks  
  112  16:26  Command Center  
  105  16:34  Marine  
  90  16:46  Marauder, Marine x3  
  86  16:51  Marine  
  86  16:52  Medivac  
  80  17:03  Marine  
  80  17:04  Marine  
  80  17:07  Marauder  
  78  17:17  Barracks x2  
  78  17:19  Factory  
  78  17:22  Factory  
  81  17:47  Barracks Reactor, Barracks Tech Lab  
Show
View Real Time Build Order
Export as new Build Order

qqq Zerg 

Build Orders: Hatch First 

Get SALT Encoding   

  12  0:01  Drone  
  13  0:08  Drone  
  14  0:18  Overlord  
  14  0:45  Hatchery  
  14  0:48  Drone  
  14  0:50  Drone  
  14  0:55  Drone  
  16  1:01  Drone  
  17  1:15  Drone  
  18  1:23  Drone  
  19  1:33  Drone, Spawning Pool  
  19  1:34  Extractor  
  18  1:49  Drone  
  19  2:08  Drone, Overlord  
  20  2:09  Drone x2  
  20  2:15  Drone  
  23  2:23  Roach Warren, Queen  
  23  2:24  Drone  
  25  2:34  Lair  
  25  2:41  Drone x3  
  28  2:45  Drone  
  29  2:59  Queen  
  31  3:08  Drone x4, Extractor  
  34  3:26  Drone x2  
  36  3:30  Glial Reconstitution  
  36  3:32  Overlord x4  
  36  3:50  Roach  
  36  3:51  Roach x3  
  36  3:52  Roach  
  46  4:02  Roach x2  
  50  4:10  Roach x2  
  50  4:11  Roach  
  50  4:12  Roach  
  50  4:13  Overlord  
  50  4:15  Drone  
  59  4:29  Roach x3  
  65  4:33  Drone  
  65  4:38  Roach x2  
  70  4:41  Extractor  
  69  4:46  Extractor  
  69  4:49  Roach x3  
  74  4:58  Drone  
  75  5:01  Overlord  
  75  5:04  Hatchery  
  74  5:20  Roach  
  74  5:21  Roach x4  
  74  5:37  Roach x4  
  72  5:48  Roach x3  
  64  6:08  Roach x4  
  68  6:16  Drone  
  68  6:17  Roach x2  
  73  6:20  Drone  
  73  6:22  Queen  
  74  6:37  Roach x4  
  82  6:41  Drone x3  
  85  6:47  Spire  
  85  6:49  Drone x3  
  85  6:51  Drone  
  88  6:57  Drone x2  
  90  7:12  Overlord x3  
  90  7:30  Overlord x3  
  90  7:31  Drone x5  
  90  7:32  Drone  
  90  7:34  Drone  
  97  7:40  Spore Crawler  
  97  7:42  Drone, Spore Crawler  
  97  7:43  Drone  
  97  7:54  Drone  
  97  7:55  Drone x2  
  100  8:00  Overlord x2  
  100  8:01  Corruptor  
  102  8:09  Mutalisk x2, Zerg Flyer Weapons Level 1  
  106  8:17  Mutalisk x2  
  106  8:18  Mutalisk  
  112  8:23  Mutalisk  
  112  8:24  Mutalisk  
  112  8:25  Drone  
  117  8:28  Mutalisk  
  117  8:31  Mutalisk  
  121  8:34  Mutalisk  
  123  8:41  Drone x3  
  123  8:42  Drone  
  123  8:45  Extractor x2  
  125  8:59  Mutalisk  
  125  9:01  Drone x2  
  125  9:02  Roach x2  
  133  9:03  Zergling x2  
  133  9:04  Zergling x6  
  137  9:11  Mutalisk  
  137  9:12  Drone  
  140  9:29  Hatchery, Mutalisk x2  
  143  9:31  Roach  
  143  9:33  Overlord x2  
  143  9:35  Spore Crawler  
  144  9:39  Spore Crawler x2  
  144  9:42  Mutalisk x2  
  144  9:44  Overlord  
  146  9:54  Mutalisk x2  
  150  10:03  Zerg Flyer Armor Level 1  
  133  10:14  Mutalisk  
  133  10:15  Mutalisk x2  
  133  10:20  Mutalisk  
  100  10:33  Mutalisk x2  
  100  10:35  Roach x3  
  104  10:36  Zergling x10, Roach  
  111  10:46  Mutalisk  
  101  10:50  Mutalisk  
  101  10:52  Drone x2  
  101  10:53  Drone, Overlord x5  
  104  11:05  Roach  
  104  11:06  Roach x3  
  112  11:13  Roach x2  
  112  11:18  Mutalisk  
  106  11:19  Spore Crawler  
  106  11:21  Spine Crawler  
  103  11:30  Overseer x2  
  103  11:36  Mutalisk x2  
  103  11:38  Drone x4  
  111  11:40  Overlord  
  111  11:41  Overlord  
  111  11:43  Roach x2  
  115  11:52  Infestation Pit  
  114  11:57  Zerg Flyer Weapons Level 2  
  114  12:00  Spire  
  113  12:03  Mutalisk  
  115  12:10  Mutalisk  
  115  12:12  Mutalisk  
  119  12:16  Overlord x2  
  119  12:18  Mutalisk  
  121  12:24  Metabolic Boost  
  121  12:28  Zergling x10  
  126  12:30  Hatchery  
  126  12:34  Hive  
  125  12:41  Mutalisk  
  127  12:50  Mutalisk  
  129  12:52  Mutalisk  
  129  12:57  Spore Crawler  
  130  13:00  Spore Crawler  
  129  13:07  Mutalisk  
  129  13:08  Mutalisk  
  129  13:10  Mutalisk  
  135  13:14  Drone x3  
  135  13:15  Drone x6  
  135  13:16  Drone  
  145  13:20  Overseer x2  
  145  13:23  Overlord x3  
  145  13:24  Drone  
  145  13:25  Zergling x2  
  145  13:27  Zergling x2  
  148  13:29  Zergling x4  
  150  13:34  Mutalisk  
  152  13:41  Spore Crawler  
  152  13:42  Mutalisk x2  
  152  13:43  Mutalisk  
  152  13:48  Zergling x4  
  159  14:00  Mutalisk  
  159  14:01  Mutalisk x2  
  163  14:13  Mutalisk  
  163  14:14  Mutalisk  
  162  14:23  Corruptor  
  152  14:39  Corruptor x3  
  132  14:53  Mutalisk x2  
  132  14:55  Drone x3  
  132  14:56  Drone x5  
  134  15:13  Mutalisk x4  
  128  15:34  Corruptor x3  
  132  15:36  Zergling x4  
  132  15:37  Zergling x16  
  132  15:38  Zergling x4  
  132  15:42  Zergling x4  
  146  15:43  Zergling x6  
  149  15:59  Corruptor x2  
  149  16:00  Corruptor x2  
  157  16:07  Corruptor  
  157  16:11  Hatchery  
  153  16:27  Corruptor  
  91  17:02  Mutalisk x3  
  91  17:03  Mutalisk, Zergling x4  
  91  17:04  Zergling x6  
  84  17:17  Corruptor  
  79  17:29  Zergling x6  
  56  17:39  Extractor  
  56  17:41  Extractor  
Tags
 
Add a new tag
Caveats
  • Supply blocks, unpowered buildings, or Contaminate may cause inaccurate times.
  • Supply counts are checked every 10 seconds.